 Dungeon Crawl Stone Soup version 0.32-a0-656-g3542139ebd (webtiles) character file.

Game seed: 10640475872378892402

32 kae the Slasher (level 3, -1/27 HPs)
             Began as a Coglin Gladiator on Mar 8, 2024.
             Slain by Sigmund
             ... wielding a +0 vampiric scythe
              (9 damage)
             ... on level 2 of the Dungeon.
             The game lasted 00:00:28 (1085 turns).

kae the Slasher (Coglin Gladiator)                  Turns: 1085, Time: 00:00:29

Health: -1/27      AC:  4    Str: 14    XL:     3   Next: 27%
Magic:  3/3        EV: 12    Int:  7    God:
Gold:   116        SH:  0    Dex: 17    Spells: 2/2 levels left

rFire   . . .        a - +0 long sword {Hajoon}
rCold   . . .        f - +0 dagger {Ishpreet}
rNeg    . . .        b - +0 leather armour
rPois   .            c - +0 helmet
rElec   .            (no cloak)
rCorr   .            (no gloves)
SInv    .            (no boots)
Will    .....        (amulet unavailable)
Stlth   +            (ring unavailable)
HPRegen 0.24/turn    (ring unavailable)
MPRegen 0.08/turn    (no gizmo)

%: no passive effects
@: revved
A: off-hand wielding, slow wielding, warmup strikes, no jewellery
a: Invent Gizmo


You were on level 2 of the Dungeon.
You visited 1 branch of the dungeon, and saw 2 of its levels.

You collected 116 gold pieces.


Innate Abilities, Weirdness & Mutations

You can wield a second weapon in your off-hand.
It takes a long time for you to wield or remove held weapons.
Your first few attacks do less damage.
You cannot equip rings or amulets.


   Skills:
 - Level 2.0 Fighting
 + Level 4.3 Long Blades
 - Level 1.7 Throwing
 - Level 2.6 Dodging


You had 2 spell levels left.
You didn't know any spells.
Your spell library contained the following spells:

 Spells                   Type           Power      Damage    Failure   Level
 Gell's Gravitas          Tloc           0%         N/A       87%         3
 Inner Flame              Hex/Fire       0%         N/A       87%         3
 Teleport Other           Tloc           0%         N/A       87%         3
 Vhi's Electric Charge    Tloc/Air       0%         N/A       99%         4
 Arcjolt                  Conj/Air       0%         1d10      100%        5
 Irradiate                Conj/Alch      0%         3d11      100%        5
 Dispersal                Tloc           0%         N/A       100%        6
 Ignition                 Fire           0%         3d3       100%        8
 Maxwell's Capacitive Co  Air            0%         ∞         100%        8

Inventory:

Hand Weapons
 a - a +0 long sword (weapon) {Hajoon}
 f - a +0 dagger (offhand) {Ishpreet}
Missiles
 d - 3 throwing nets (quivered) {=f!f}
 e - a javelin
 g - 5 stones
Armour
 b - a +0 leather armour (worn)
 c - a +0 helmet (worn)
Wands
 o - a wand of iceblast (3)
   (You found it on level 2 of the Dungeon)
Scrolls
 h - 2 scrolls of identify {unknown}
 i - a scroll of blinking {unknown}
 j - a scroll of enchant armour {unknown}
 m - a scroll of teleportation {unknown}
 n - a scroll of noise {unknown}
Potions
 k - a potion of invisibility {unknown}
 l - a potion of magic {unknown}

Dungeon Overview and Level Annotations

Branches:
Dungeon (2/15) Zot: 10911

Altars:

Annotations:
D:2 Sigmund

...........#.........#
........########..##.#
)........#......)## #
.........#.##....#
.........#....#..#
..................
........#.########
........+.........
........#@########
######.>@†......
########...


You could see Sigmund.


Message History

No target in view!
You now have 80 gold pieces (gained 8).
There is a stone staircase leading up here.
A kobold comes into view. It is wielding a +0 club.
The kobold shouts!
The kobold throws a stone.
The stone hits you but does no damage.
You see here 7 gold pieces.
A kobold is nearby!
The kobold throws a stone.
The stone barely misses you.
The kobold throws a stone.
The stone hits you but does no damage.
A kobold is nearby!
A kobold is nearby!
You hit the kobold but do no damage.
You closely miss the kobold with your +0 dagger.
The kobold barely misses you.
You closely miss the kobold with your +0 long sword.
You hit the kobold with your +0 dagger.
You kill the kobold!
g - 5 stones (gained 4)
You see here a +0 club.
You now have 97 gold pieces (gained 17).
You now have 104 gold pieces (gained 7).
As you open the door, it creaks loudly!
No target in view!
No target in view!
There is an open door here.
You now have 116 gold pieces (gained 12).
You pick up a book of Spontaneous Combustion and begin reading...
You add the spells Inner Flame, Irradiate and Ignition to your library.
No target in view!
No target in view!
You open the door. You open the door.
There is an open door here.
Found a stone staircase leading down.
No target in view!
No target in view!
Sigmund and a ball python come into view.
Sigmund is wielding a +0 vampiric scythe.
Okay, then.
You start waiting.
Sigmund is nearby!
Sigmund looks at you with fury. Sigmund closely misses you.
The ball python bites you but does no damage.
You completely miss Sigmund with your +0 long sword.
You hit Sigmund with your +0 dagger. The ball python barely misses you. x2
Sigmund closely misses you.
You hit Sigmund with your +0 long sword.
You hit Sigmund but do no damage. The ball python barely misses you.
The ball python grabs you. The ball python constricts you.
You slash the ball python with your +0 long sword!
You kill the ball python!
Sigmund misses you.
You closely miss Sigmund with your +0 dagger.
You hit Sigmund but do no damage.
Sigmund hits you with a +0 vampiric scythe!
Sigmund draws strength from your wounds! 😮 HP[-9]
You take 9 damage, and now have 18/27 hp.
MASSIVE DAMAGE!! (PAUSE)
You slash Sigmund with your +0 long sword!
You hit Sigmund with your +0 dagger.
Unknown command.
You closely miss Sigmund with your +0 long sword.
You barely miss Sigmund with your +0 dagger.
Sigmund misses you. 😮 HP[+1] Unknown command.
You barely miss Sigmund with your +0 long sword.
You hit Sigmund with your +0 dagger. Sigmund closely misses you.
You hit Sigmund with your +0 long sword.
You closely miss Sigmund with your +0 dagger.
Unknown command.
You hit Sigmund but do no damage.
You slash Sigmund with your +0 long sword!
Sigmund points at you and mumbles some strange words.
The puff of flame hits you.
* * * LOW HITPOINT WARNING * * *
😨 HP[-6]
You take 6 damage, and now have 13/27 hp.
MASSIVE DAMAGE!! (PAUSE)
You hit Sigmund with your +0 dagger.
You barely miss Sigmund with your +0 long sword.
Sigmund completely misses you. 😮 HP[+1]
You barely miss Sigmund with your +0 long sword.
You hit Sigmund but do no damage.
Sigmund points at you and mumbles some strange words.
The puff of flame hits you.
* * * LOW HITPOINT WARNING * * *
😨 HP[-6]
You take 6 damage, and now have 8/27 hp.
MASSIVE DAMAGE!! (PAUSE)
You closely miss Sigmund with your +0 long sword.
You hit Sigmund but do no damage.
Sigmund hits you with a +0 vampiric scythe!
You die...
Sigmund begins carving another notch in his scythe.

Skill      XL: |  1  2 |
---------------+-------+-----
Long Blades    | 4 |  4.3
Fighting       | |  2.0
Throwing       | |  1.7
Dodging        | |  2.6

Action                     || total
---------------------------++-------
  Melee: Long sword        ||    57
         Dagger            ||    51
   Stab: Sleeping          ||     1
 Armour: Leather armour    ||    39
  Dodge: Dodged            ||    43

Levels and vault maps discovered:
D:1:      elethiomel_arrival_infinity_welcomes_careful_drivers, layout_basic,
          corexii_hall_statues_l
D:2:      layout_basic, uniq_sigmund

Notes
Turn   | Place    | Note
-------+----------+-------------------------------------------
     0 | D:1      | kae the Coglin Gladiator began the quest for the Orb.
     0 | D:1      | Reached XP level 1. HP: 16/16 MP: 1/1
     0 | D:1      | magus.rc [v1.11.3]
     1 | D:1      | You add the spells Gell's Gravitas, Teleport Other and
                  | Dispersal to your library.
   226 | D:1      | Reached XP level 2. HP: 19/22 MP: 2/2
   493 | D:1      | You add the spells Vhi's Electric Charge, Arcjolt and
                  | Maxwell's Capacitive Coupling to your library.
   616 | D:1      | Reached skill level 4 in Long Blades
   913 | D:2      | Reached XP level 3. HP: 19/27 MP: 3/3
  1036 | D:2      | You pick up a book of Spontaneous Combustion and begin
                  | reading...
  1036 | D:2      | You add the spells Inner Flame, Irradiate and Ignition to
                  | your library.
  1068 | D:2      | Noticed Sigmund
  1085 | D:2      | Slain by Sigmund

Vanquished Creatures
  An adder (D:2)
  4 bats (D:1)
  3 endoplasms (D:1)
  A hobgoblin (D:1)
  4 ball pythons
  A frilled lizard (D:1)
  2 goblins (D:1)
  3 kobolds
  6 rats
25 creatures vanquished.

Table legend:
 A = Non-vault XP
 B = Vault XP
 C = Vault XP percentage of total XP
 D = Non-vault monster count
 E = Vault monster count
 F = Vault count percentage of total count
                 A         B        C        D         E       F
            +---------+---------+-------+---------+---------+-------
      Total |      47 |       0 |   0.0 |      25 |       0 |   0.0
            +---------+---------+-------+---------+---------+-------
        D:1 |      29 |       0 |   0.0 |      19 |       0 |   0.0
        D:2 |      18 |       0 |   0.0 |       6 |       0 |   0.0
            +---------+---------+-------+---------+---------+-------

Skill      XL: |  1  2 |
---------------+-------+-----
Long Blades    | 4 |  4.3
Fighting       | |  2.0
Throwing       | |  1.7
Dodging        | |  2.6

Action                     || total
---------------------------++-------
  Melee: Long sword        ||    57
         Dagger            ||    51
   Stab: Sleeping          ||     1
 Armour: Leather armour    ||    39
  Dodge: Dodged            ||    43

Illustrated notes

Table legend:
 A = Kills in this place as a percentage of kills in the entire game.
 B = Kills by you in this place as a percentage of kills by you in the entire game.
 C = Kills by friends in this place as a percentage of kills by friends in the entire game.
 D = Other kills in this place as a percentage of other kills in the entire game.
 E = Experience gained in this place as a percentage of experience gained in the entire game.
 F = Experience gained in this place divided by the number of levels of this place that you have seen.
                   A       B       C       D       E      F
               +-------+-------+-------+-------+-------+----------------------
         Total | 100.0 | 100.0 |   N/A |   N/A | 100.0 |  23.5
       Dungeon | 100.0 | 100.0 |   N/A |   N/A | 100.0 |  23.5
               +-------+-------+-------+-------+-------+----------------------

Table legend: (Time is in decaauts)
 A = Elapsed time spent in this place.
 B = Non-inter-level travel time spent in this place.
 C = Inter-level travel time spent in this place.
 D = Time resting spent in this place.
 E = Time spent auto-exploring this place.
 F = Levels seen in this place.
 G = Mean time per level.
                   A        B        C        D        E       F      G
               +--------+--------+--------+--------+--------+-----+--------+
         Total |   1088 |   1078 |     10 |      4 |    908 |   2 |  544.0 |
       Dungeon |   1088 |   1078 |     10 |      4 |    908 |   2 |  544.0 |
               +--------+--------+--------+--------+--------+-----+--------+

Top non-repeatable levels by time:
     D:1: 784 daAuts
     D:2: 303 daAuts
